 Dungeon Crawl Stone Soup version 0.19-a0-1841-gf1e0166 (webtiles) character file.

81049 Psiweapon the Tortoise (level 15, 0/126 HPs)
             Began as a Minotaur Monk on Oct 9, 2016.
             Was a High Priest of Ashenzari.
             Slain by a shambling mangrove (9 damage)
             ... on level 3 of the Swamp.
             The game lasted 01:49:14 (25790 turns).

Psiweapon the Tortoise (Minotaur Monk)             Turns: 25790, Time: 01:49:14

Health: 0/126      AC: 17    Str: 23    XL:     15   Next: 25%
Magic:  16/16      EV: 20    Int:  7    God:    Ashenzari [*****.]
Gold:   1288       SH:  0    Dex: 25    Spells: 0 memorised, 14 levels left

rFire  + . .     SeeInvis +     V - +9 glaive (freeze) (curse)
rCold  . . .     Gourm    +     K - +1 ring mail of Watchfulness {rPois Dex+4} (curse)
rNeg   . . .     Faith    .     (shield currently unavailable)
rPois  +         Spirit   .     (helmet restricted)
rElec  +         Dismiss  .     R - +2 cloak {+Inv} (curse)
rCorr  .         Reflect  .     (no gloves)
MR     +....     Harm     .     Y - +0 pair of boots (curse)
Stlth  +++....... Clarity  +    e - amulet of the gourmand (curse)
                                U - +5 ring of dexterity (curse)
                                O - ring "Remuug" {+Fly rElec Str+4} (curse)

@: lethally poisoned (0 -> -3), grasped by roots, very slow
A: retaliatory headbutt, hooves 1, horns 2, iridescent scales 1, fire resistance
1, low mp 2, screaming 1, wild magic 1
a: Curse Item, Scrying, Transfer Knowledge, Renounce Religion, Evoke
Invisibility, Evoke Flight


You were on level 3 of the Swamp.
You worshipped Ashenzari.
Ashenzari was extremely pleased with you.
You were completely stuffed.

You visited 4 branches of the dungeon, and saw 22 of its levels.
You also visited: Sewer, Ossuary and Ice Cave.

You collected 1432 gold pieces.
You spent 144 gold pieces at shops.

Inventory:

Hand Weapons
 V - a cursed +9 glaive of freezing (weapon)
 Z - the +7 trident "Toruth" {venom, Str+6}
   (You found it on level 6 of the Lair of Beasts)

   It poisons the flesh of those it strikes.
   It affects your strength (+6).
Missiles
 l - 7 javelins (quivered)
 T - 7 tomahawks
Armour
 K - the cursed +1 ring mail of Watchfulness (worn) {rPois Dex+4}
   (You found it on level 5 of the Dungeon)

   It affects your dexterity (+4).
   It protects you from poison.
   It has a curse placed upon it.
 R - a cursed +2 cloak of invisibility (worn)
 Y - a cursed +0 pair of boots (worn)
Jewellery
 e - a cursed amulet of the gourmand (around neck)
 t - an uncursed ring of protection from cold
 O - the cursed ring "Remuug" (left hand) {+Fly rElec Str+4}
   (You found it on level 6 of the Lair of Beasts)

   [ring of flight]

   It affects your strength (+4).
   It insulates you from electricity.
   It lets you fly.
   It has a curse placed upon it.
 P - an uncursed amulet of magic regeneration
 U - a cursed +5 ring of dexterity (right hand)
Wands
 a - a wand of lightning (4/15)
 d - a wand of confusion (17/48)
 g - a wand of lightning (12/15)
 m - a wand of digging (8/24)
 w - a wand of iceblast (1/15)
 L - a wand of slowing (18/48)
Scrolls
 b - a scroll of silence {unknown}
 h - 6 scrolls of remove curse
 i - a scroll of vulnerability {unknown}
 n - 3 scrolls of teleportation
 p - 2 scrolls of amnesia {unknown}
 s - 3 scrolls of enchant armour
 y - 11 scrolls of identify
 C - 4 scrolls of recharging
 D - a scroll of magic mapping
 J - 2 scrolls of fear
 S - 4 scrolls of immolation {unknown}
Potions
 k - a potion of resistance
 o - 12 potions of curing
 r - 3 potions of brilliance {unknown}
 z - 2 potions of ambrosia {unknown}
 A - 8 potions of heal wounds
 B - a potion of haste
 E - 7 potions of degeneration {unknown}
 G - 4 potions of cancellation {unknown}
 H - 3 potions of magic {unknown}
 M - 5 potions of might
 W - 3 potions of cure mutation {unknown}
Miscellaneous
 j - a sack of spiders
 u - a fan of gales
 x - a fan of gales
 Q - a fan of gales
 X - a phial of floods
Comestibles
 c - 10 bread rations
 f - 6 fruits
 q - 4 beef jerkies
 v - 9 meat rations
 F - 5 slices of pizza
 I - 4 chunks of flesh


   Skills:
 - Level 10.3 Fighting
   Level 11.1 Long Blades
 - Level 9.1(14.1) Polearms
 + Level 15.8(18.0) Armour
 + Level 15.7(17.9) Dodging
 - Level 6.2 Stealth
 - Level 9.8(13.6) Evocations


You had 14 spell levels left.
You didn't know any spells.

Dungeon Overview and Level Annotations

Branches:
Dungeon (12/15)            Temple (1/1) D:7            Lair (6/6) D:9
  Swamp (3/4) Lair:2        Snake (0/4) Lair:3        Slime (0/5) Lair:5
    Orc: D:9-12

Altars:
Ashenzari
Dithmenos
Elyvilon
Fedhas
Gozag
Hepliaklqana
Kikubaaqudgha
Makhleb
Nemelex Xobeh
Okawaru
Ru
Sif Muna
Trog
Uskayaw
Vehumet
Xom
Yredelemnul
Zin
The Shining One
Jiyva

Shops:
D:7 }   D:9 [

Annotations:
D:12 Kirke


Innate Abilities, Weirdness & Mutations

You reflexively headbutt those who attack you in melee.
You have a pair of horns on your head.
You have large cloven feet.
You are partially covered in iridescent scales. (AC +2)
Your flesh is heat resistant. (rF+)
Your magical capacity is very low. (-20% MP)
You occasionally shout uncontrollably at your foes.
Your spells are a little harder to cast, but a little more powerful.


Message History

You kill the spiny frog!
You feel sick. The alligator bites you!! The alligator closely misses you.
You slash the shambling mangrove! You freeze the shambling mangrove.
You headbutt the shambling mangrove, but do no damage.
The shambling mangrove is lightly damaged.
You feel sick. The alligator bites you.
The alligator tail-slaps you but does no damage.
The shambling mangrove hits you!!
* * * LOW HITPOINT WARNING * * *
The alligator bites you!
* * * LOW HITPOINT WARNING * * *
The alligator closely misses you.
You feel sick. The alligator bites you!
* * * LOW HITPOINT WARNING * * *
The alligator closely misses you.
As you read the scroll of fear, it crumbles to dust.
You assume a fearsome visage.
The alligator looks frightened!
The shambling mangrove is unaffected.
You feel sick. The shambling mangrove hits you!
You die...

≈ ≈≈ * ♣≈♣≈≈≈≈≈≈.≈♣♣
≈ .♣≈≈≈≈≈(♣≈≈♣* * *
♣♣♣♣§...≈≈..... , ≈*
♣.^.....≈≈≈/... ,*
*, ≈*
♣♣♣.≈≈≈....≈.≈.≈.≈**
* *
♣≈§≈.≈≈...≈≈....♣*
*** ♣.≈≈.....≈≈....♣
, * ...♣...f†≈.♣***
≈,≈** ≈ ≈....≈≈@.t.♣
* * , * ≈
.♣...≈≈.≈..♣♣ ≈ ♣
≈.≈..≈≈....≈♣* .≈♣ ≈
≈..)≈≈≈≈.≈≈.♣♣.≈.♣
*≈≈≈
≈≈.≈≈≈≈≈≈.≈≈..≈≈≈.♣
≈
≈..≈≈≈≈≈.≈§<..≈≈≈.≈♣
* ≈
....≈≈≈≈≈....≈≈≈.♣♣
** *≈
..≈≈≈≈≈≈≈...≈≈≈≈≈≈.*
**
≈≈≈≈≈≈≈≈..≈≈≈≈≈≈.*


You could see a shambling mangrove and an alligator (fleeing).

Vanquished Creatures
  A frost giant (IceCv)
  3 dire elephants (Lair:6)
  The ghost of Flanowski the Cleaver, a journeyman DDFi of Makhleb (Lair:2)
  2 ghost crabs (Swamp:2)
  8 hydras
  An anaconda (Lair:6)
  7 alligators
  6 death yaks
  8 spriggans
  The ghost of cortexin the Covert, a novice SpAs of Gozag (D:7)
  A skeletal warrior (D:11)
  6 swamp dragons
  A shambling mangrove (Swamp:2)
  Pikel (D:5)
  A hill giant (D:10)
  A cyclops (D:11)
  5 slime creatures (Swamp:2)
  2 oklob plants
  4 elephants (Lair:6)
  An ice statue (IceCv)
  3 black mambas
  A torpor snail (Lair:6)
  25 spiny frogs
  The ghost of cortexin the Covert, a novice SpAs (D:5)
  11 komodo dragons
  5 rime drakes
  A troll (D:9)
  2 freezing wraiths
  A two-headed ogre (D:8)
  16 polar bears
  3 tyrant leeches (Swamp:1)
  12 hornets
  11 blink frogs
  6 dream sheep (Lair:6)
  5 bog bodies
  11 hippogriffs
  A shadow (D:10)
  3 basilisks
  A wraith (Ossuary)
  A human (D:8)
  The ghost of Gorice the Skirmisher, an amateur DrIE of Kikubaaqudgha (Sewer)
  46 yaks
  4 wyverns
  3 hogs (D:8)
  2 hungry ghosts
  6 vampire mosquitoes
  2 steam dragons
  5 insubstantial wisps (Swamp:1)
  4 nagas (Lair:3)
  17 water moccasins
  10 swamp worms
  5 porcupines
  4 orc warriors
  9 ice beasts
  A swamp drake (Swamp:2)
  2 sky beasts
  A phantom (D:8)
  8 ogres
  A centaur (D:7)
  40 wolves
  13 crocodiles
  A big kobold (Sewer)
  11 bullfrogs
  3 scorpions
  4 electric eels
  3 howler monkeys
  2 crimson imps
  A centaur zombie (D:5)
  2 quasits
  6 hounds
  2 jellies (D:8)
  3 orc priests
  4 iguanas
  2 orc wizards
  5 worker ants
  A killer bee zombie (D:8)
  2 hound zombies
  A mummy (Ossuary)
  A worker ant zombie (D:5)
  7 gnolls
  10 adders
  5 shadow imps
  3 oozes
  An adder zombie (D:5)
  5 worms
  A leopard gecko (D:3)
  29 orcs
  11 bats
  4 giant cockroaches
  12 goblins
  11 hobgoblins
  5 jackals
  4 quokkas
  7 ball pythons
  9 frilled lizards
  4 gnoll skeletons (Ossuary)
  22 kobolds
  3 kobold skeletons (Ossuary)
  18 orc skeletons (Ossuary)
  A quokka zombie (D:5)
  14 rats
  A fungus (D:9)
  5 plants
611 creatures vanquished.

Vanquished Creatures (others)
  A yak (Lair:4)
  A slave (D:5)
  A phantom (D:5)
  4 bushes (Lair:6)
  13 fungi
  13 plants
33 creatures vanquished.

Grand Total: 644 creatures vanquished

Notes
Turn   | Place    | Note
-------+----------+-------------------------------------------
     0 | D:1      | Psiweapon the Minotaur Monk began the quest for the Orb.
     0 | D:1      | Reached XP level 1. HP: 19/19 MP: 0/0
   106 | D:3      | Reached XP level 2. HP: 23/26 MP: 1/1
   256 | D:4      | Noticed a howler monkey
   261 | D:4      | Killed a howler monkey
   261 | D:4      | Reached skill level 5 in Long Blades
   261 | D:4      | Reached XP level 3. HP: 30/31 MP: 2/2
   275 | D:4      | Found a burning altar of Makhleb.
   788 | D:2      | Reached XP level 4. HP: 32/39 MP: 3/3
  1878 | D:2      | Reached XP level 5. HP: 35/45 MP: 4/4
  2223 | D:5      | Entered Level 5 of the Dungeon
  2306 | D:5      | Found a glowing drain.
  2313 | Sewer    | Entered a sewer
  2359 | Sewer    | Noticed Gorice's ghost (amateur DrIE)
  2377 | Sewer    | Killed Gorice's ghost
  2377 | Sewer    | Reached skill level 5 in Dodging
  2377 | Sewer    | Reached XP level 6. HP: 25/51 MP: 5/5
  2817 | D:5      | Found a sand-covered staircase.
  2826 | Ossuary  | Entered an ossuary
  2826 | Ossuary  | Noticed a wraith
  2826 | Ossuary  | Noticed a wraith
  2826 | Ossuary  | Noticed a wraith
  2965 | Ossuary  | Noticed a wraith
  2975 | Ossuary  | HP: 1/51 [wraith (10)]
  2979 | Ossuary  | Gained mutation: Your magical capacity is low. (-10% MP) [potion of mutation]
  2979 | Ossuary  | Gained mutation: Your muscles are strong. (Str +2) [potion of mutation]
  2979 | Ossuary  | Gained mutation: Your flesh is heat resistant. (rF+) [potion of mutation]
  2983 | Ossuary  | Killed a wraith
  2983 | Ossuary  | Reached XP level 7. HP: 24/57 MP: 5/5
  3291 | D:4      | Found a sparkling altar of Nemelex Xobeh.
  3293 | D:4      | Found a deep blue altar of Sif Muna.
  3985 | D:4      | Found a hazy altar of Hepliaklqana.
  3985 | D:4      | Found a basalt altar of Yredelemnul.
  4020 | D:5      | Noticed Pikel
  4044 | D:5      | Killed Pikel
  4044 | D:5      | Reached skill level 10 in Long Blades
  4044 | D:5      | Reached XP level 8. HP: 41/64 MP: 6/6
  4217 | D:5      | Found a glowing silver altar of Zin.
  4315 | D:5      | Got a bloodstained ring mail
  4574 | D:5      | Got an ivory shortbow
  4577 | D:5      | Identified the +8 shortbow "Ogrebane" {freeze, Str+9 Dex+4} (You found it on level 5 of the Dungeon)
  4586 | D:5      | Noticed cortexin's ghost (novice SpAs)
  4642 | D:5      | Killed cortexin's ghost
  4939 | D:4      | Reached XP level 9. HP: 72/72 MP: 7/7
  5061 | D:4      | Gained mutation: Your magical capacity is very low. (-20% MP) [potion of mutation]
  5061 | D:4      | Gained mutation: You occasionally shout uncontrollably at your foes. [potion of mutation]
  5061 | D:4      | Gained mutation: You have large cloven feet. [potion of mutation]
  5900 | D:7      | Reached skill level 5 in Fighting
  6581 | D:6      | Noticed a dagger
  6581 | D:6      | Noticed a dagger
  6588 | D:6      | Found a hide-covered altar of Uskayaw.
  6686 | D:7      | Found a staircase to the Ecumenical Temple.
  6692 | D:7      | Found Cunwir's Gadget Shoppe.
  6721 | Temple   | Entered the Ecumenical Temple
  6733 | Temple   | Became a worshipper of Ashenzari the Shackled
  6733 | Temple   | Reached * piety under Ashenzari
  6733 | Temple   | Reached ** piety under Ashenzari
  6799 | D:7      | Noticed cortexin's ghost (novice SpAs)
  6820 | D:7      | Killed cortexin's ghost
  6820 | D:7      | Reached skill level 10 in Dodging
  7164 | D:7      | Reached skill level 1 in Armour
  7198 | D:7      | Identified the Grimoire of Protection
  7463 | D:10     | Entered Level 10 of the Dungeon
  7506 | D:9      | Found a radiant altar of Vehumet.
  7568 | D:9      | Reached XP level 10. HP: 82/88 MP: 7/7
  7660 | D:8      | Found an opulent altar of Gozag.
  8537 | D:8      | Reached skill level 10 in Fighting
  8540 | D:8      | Reached skill level 5 in Armour
  8594 | D:8      | Identified the cursed +1 ring mail of Watchfulness {rPois Dex+4} (You found it on level 5 of the Dungeon)
  8806 | D:9      | Found Maefim's Antique Armour Shop.
  8830 | D:9      | Bought a pair of glowing boots for 144 gold pieces
  8952 | D:9      | Found a staircase to the Lair.
  9230 | Lair:1   | Entered Level 1 of the Lair of Beasts
  9267 | Lair:1   | Found a frozen archway.
  9346 | IceCv    | Entered an ice cave
  9565 | IceCv    | Reached XP level 11. HP: 92/100 MP: 7/7
  9891 | IceCv    | Reached skill level 10 in Armour
 10752 | IceCv    | Noticed a frost giant
 10752 | IceCv    | Noticed a death yak
 10764 | IceCv    | Killed a death yak
 10769 | IceCv    | Killed a frost giant
 10774 | IceCv    | Reached XP level 12. HP: 90/106 MP: 8/8
 10807 | IceCv    | Identified the Incunabulum of the Snowflakes
 11164 | Lair:1   | Reached skill level 1 in Evocations
 11875 | Lair:2   | Noticed Flanowski's ghost (journeyman DDFi)
 12586 | Lair:2   | Killed Flanowski's ghost
 13145 | Lair:2   | Reached *** piety under Ashenzari
 13610 | Lair:2   | Found a staircase to the Swamp.
 13622 | Lair:2   | Reached skill level 5 in Evocations
 14241 | Lair:3   | Noticed a seven-headed hydra
 14244 | Lair:3   | Killed a seven-headed hydra
 14642 | Lair:3   | Found a staircase to the Snake Pit.
 14861 | Lair:3   | Noticed a six-headed hydra
 14870 | Lair:3   | Killed a six-headed hydra
 14870 | Lair:3   | Reached XP level 13. HP: 113/113 MP: 14/14
 15250 | Lair:4   | Reached skill level 5 in Stealth
 15314 | Lair:3   | Reached skill level 1 in Polearms
 16361 | D:10     | Reached **** piety under Ashenzari
 16508 | D:11     | Reached skill level 5 in Polearms
 17359 | D:12     | Noticed Kirke
 17437 | D:11     | HP: 3/113 [death knight/broad axe (25)]
 17950 | Swamp:1  | Entered Level 1 of the Swamp
 20057 | Lair:4   | Reached XP level 14. HP: 121/121 MP: 16/16
 20256 | Lair:4   | Reached ***** piety under Ashenzari
 20655 | Lair:5   | Found a viscous altar of Jiyva.
 20655 | Lair:5   | Found a staircase to the Slime Pits.
 20662 | Lair:6   | Entered Level 6 of the Lair of Beasts
 22851 | Lair:6   | Identified the ring "Remuug" {+Fly rElec Str+4}
 23218 | Lair:6   | Identified the +7 trident "Toruth" {venom, Str+6}
 24102 | Swamp:2  | Reached skill level 15 in Dodging
 24114 | Swamp:2  | Reached skill level 15 in Armour
 24393 | Swamp:2  | Reached XP level 15. HP: 38/126 MP: 16/16
 25074 | Swamp:2  | Gained mutation: Your spells are a little harder to cast, but a little more powerful. [potion of mutation]
 25074 | Swamp:2  | Lost mutation: Your muscles are strong. (Str +2) [potion of mutation]
 25074 | Swamp:2  | Gained mutation: You are partially covered in iridescent scales. (AC +2) [potion of mutation]
 25790 | Swamp:3  | Slain by a shambling mangrove

Vault maps used:
D:1:      erik_arrival_triangle_small
D:3:      minmay_strange_pillars
D:4:      corexii_shantytown, nicolae_overflow_hidden_temple, first_bread
D:5:      zin_academy, lightli_sewer_entry_pipes,
          nicolae_ossuary_entry_monument, roderic_lattice_a, uniq_pikel
D:6:      dancing_weapons_uskayaw, kennysheep_generic_room_8
D:7:      serial_shops, shop_fountains
D:8:      grunt_livestock, nicolae_gozag_seed_capital
D:9:      lemuel_crystal_altar, dpeg_oklobed_lair, serial_shops,
          kennysheep_little_box
D:10:     st_stairs_3, water_maze_lemuel
D:12:     zombieorc1_lemuel, uniq_kirke
Temple:   cyrus_circular_temple
Lair:1:   portal_ice_cave_entry_ice_beasts
Lair:2:   minmay_lair_oklob_items, minmay_swamp_entry_reptiles,
          grunt_megastairs_4
Lair:3:   minmay_snake_entry_guardpost_small, beast_lair_carwin_10,
          grunt_megastairs_2, infiniplex_staircase_pool
Lair:4:   wad_woods_river_02, beast_lair_carwin_8
Lair:5:   dpeg_slime_entry_enclosed_altar
Lair:6:   due_jungle_book, grunt_megastairs_5, lemuel_fruit_fields
Swamp:1:  evilmike_swamp_ruin_rubble_2
Swamp:2:  evilmike_swamp_ruin_house_3
Swamp:3:  hangedman_swamp_cone, swamp_pool3
Sewer:    kennysheep_pipe_town
Ossuary:  ossuary_due_mausoleum
IceCv:    ice_cave_caverns_01

Skill      XL: |  1  2  3  4  5  6  7  8  9 10 11 12 13 14 |
---------------+-------------------------------------------+-----
Long Blades    | 4 5 6 7 8 10 11 | 11.1
Dodging        | 4 5 7 8 10 11 12 15 | 15.7
Fighting       | 4 8 10 | 10.3
Armour         | 2 8 12 13 15 | 15.8
Evocations     | 7 9 |  9.8
Stealth        | 4 5 6 |  6.2
Polearms       | 9 |  9.1

Action                   |  1- 3 |  4- 6 |  7- 9 | 10-12 | 13-15 || total
-------------------------+-------+-------+-------+-------+-------++-------
Melee: Falchion          |    58 |    77 |       |       |       ||   135
       Headbutt          |     5 |    46 |    34 |   324 |   211 ||   620
       Long sword        |       |    82 |   173 |   676 |    50 ||   981
       Glaive            |       |       |       |    39 |   594 ||   633
 Fire: Shortbow          |       |       |    70 |    89 |    25 ||   184
Throw: Javelin           |       |     7 |     4 |     3 |    27 ||    41
Invok: Curse Item        |       |       |       |     2 |     4 ||     6
 Abil: Evoke Invisibilit |       |       |       |     1 |     2 ||     3
Evoke: Wand              |       |       |       |    16 |    19 ||    35
  Use: Scroll            |       |     5 |     5 |     7 |    11 ||    28
       Potion            |       |     5 |     3 |     2 |     7 ||    17
 Stab: Sleeping          |     3 |     8 |     6 |     1 |     9 ||    27
       Distracted        |       |       |     1 |       |     3 ||     4
       Invisible         |       |       |       |     7 |     7 ||    14
  Eat: Chunk             |    11 |     6 |    19 |    24 |    37 ||    97
Armor: Robe              |    12 |    27 |    24 |     7 |       ||    70
       Ring mail         |       |       |       |   142 |   109 ||   251
Dodge: Dodged            |    47 |   124 |   136 |   741 |   738 ||  1786
       Rpst.: Falchion   |     7 |    16 |       |       |       ||    23
       Long sword        |       |    15 |    29 |   137 |    21 ||   202
